 Dungeon Crawl Stone Soup version 0.21-a0-507-ga8f6b7a (webtiles) character file.

92 Hafrunt the Digger (level 4, -13/24 HPs)
             Began as a Gargoyle Earth Elementalist on Nov 27, 2017.
             Killed from afar by Hafrunt's ghost (14 damage)
             ... with a stone arrow
             ... on level 3 of the Dungeon.
             The game lasted 00:06:27 (1662 turns).

Hafrunt the Digger (Gargoyle Earth Elementalist)    Turns: 1662, Time: 00:06:27

Health: -13/24     AC:  7    Str: 12    XL:     4   Next: 60%
Magic:  4/8        EV: 12    Int: 16    God:
Gold:   163        SH:  0    Dex: 16    Spells: 5/9 levels left

rFire    . . .     SeeInvis .   g - +0 club
rCold    . . .     Gourm    .   (no shield)
rNeg     + . .     Faith    .   c - +0 robe
rPois    ∞         Spirit   .   q - +0 helmet
rElec    +         Reflect  .   (no cloak)
rCorr    .         Harm     .   (no gloves)
MR       .....     Rnd*Tele +   n - +0 pair of boots
Stlth    ++........             m - amulet of inaccuracy (curse)
HPRegen  0.08/turn              p - +6 ring of dexterity
MPRegen  0.11/turn              l - ring of teleportation (curse)

@: no status effects
A: negative energy resistance 1, electricity resistance, unbreathing,
petrification resistance, rot immunity, AC +3
a: no special abilities


You were on level 3 of the Dungeon.
You were not hungry.

You visited 1 branch of the dungeon, and saw 3 of its levels.

You collected 163 gold pieces.

Inventory:

Hand Weapons
 g - a +0 club (weapon)
Missiles
 b - a stone (quivered)
Armour
 c - a +0 robe (worn)
 n - a +0 pair of boots (worn)
 q - a +0 helmet (worn)
Jewellery
 l - a cursed ring of teleportation (right hand)
 m - a cursed amulet of inaccuracy (around neck)
 p - a +6 ring of dexterity (left hand)
Scrolls
 h - a scroll of blinking {unknown}
 k - a scroll of noise {unknown}
 t - 2 scrolls of remove curse {unknown}
 u - a scroll of identify {unknown}
Potions
 a - a potion of resistance {unknown}
 i - a potion of haste {unknown}
 j - a potion of might {unknown}
 r - 3 potions of curing {unknown}
Books
 e - a book of Geomancy

   Spells                             Type                      Level
   a - Sandblast                      Earth                        1
   b - Passwall                       Transmutation/Earth          2
   c - Stone Arrow                    Conjuration/Earth            3
   d - Petrify                        Transmutation/Earth          4
   e - Lee's Rapid Deconstruction     Earth                        5
Comestibles
 d - 3 bread rations
 f - a royal jelly
 o - a chunk of flesh
 s - a meat ration


   Skills:
 - Level 1.5 Dodging
 - Level 2.1 Stealth
 + Level 3.1 Spellcasting
 + Level 1.6 Conjurations
   Level 0.7 Transmutations
 + Level 4.9 Earth Magic


You had 5 spell levels left.
You knew the following spells:

 Your Spells              Type           Power        Failure   Level  Hunger
a - Sandblast             Erth           ###...       2%          1    None
b - Stone Arrow           Conj/Erth      ##....       14%         3    ###....


Dungeon Overview and Level Annotations

Branches:
Dungeon (3/15)

Altars:
Makhleb
Okawaru

Annotations:
D:3 Hafrunt's ghost, amateur GrEE


Innate Abilities, Weirdness & Mutations

You are resistant to torment.
Your stone body is resilient. (AC +3)
You are immune to poison.
You resist negative energy. (rN+)
You are resistant to electric shocks. (rElec)
You can survive without breathing.
You are immune to petrification.
You are immune to rotting.


Message History

Casting: Sandblast
Confirm with . or Enter, or press ? or * to list all spells.
Aiming: Sandblast
Press: ? - help, Shift-Dir - straight line, f/p - Hafrunt's ghost
Aim: Hafrunt's ghost (lightly damaged)
The blast of sand hits Hafrunt's ghost.
Hafrunt's ghost is moderately damaged.
b - a stone Hafrunt's ghost casts a spell at you.
The stone arrow misses you.
Hafrunt's ghost gestures at you while chanting.
The stone arrow hits you!
Ouch! That really hurt!
* * * LOW HITPOINT WARNING * * *
Hafrunt's ghost casts a spell at you. The blast of sand hits you!
Hafrunt's ghost casts a spell at you. The stone arrow hits you!
Ouch! That really hurt!
You die...

#.# #.#
###################.####.#
............#.......#....#
#.####......<)......#.####
#...##......#.####.##.#
###.##..........##.##.# ######
#.######+####.##.##.# ......
###'######.#....##.##.#####......
#........#.#....@...W...†.'......
#..........÷..†....##.#####......
#........#.#....#####.# ......
#........#.#.##.# #.# ......
##########.#...... ... ......
#.#.#..### ### ...... #.#....#
.##### #.....## .# #..>.


You could see Hafrunt's ghost.

Vanquished Creatures
  2 adders (D:2)
  3 worms (D:2)
  2 dart slugs
  2 leopard geckos
  7 bats
  4 giant cockroaches
  10 goblins
  9 hobgoblins
  4 jackals (D:1)
  A quokka (D:2)
  3 frilled lizards
  4 kobolds
  4 rats
55 creatures vanquished.

Notes
Turn   | Place    | Note
-------+----------+-------------------------------------------
     0 | D:1      | Hafrunt the Gargoyle Earth Elementalist began the quest for the Orb.
     0 | D:1      | Reached XP level 1. HP: 10/10 MP: 3/3
    81 | D:1      | Reached skill level 4 in Earth Magic
    81 | D:1      | Reached XP level 2. HP: 8/15 MP: 0/5
   432 | D:1      | Reached XP level 3. HP: 19/19 MP: 0/6
   437 | D:1      | Learned a level 3 spell: Stone Arrow
  1147 | D:2      | Reached skill level 1 in Conjurations
  1269 | D:2      | Reached XP level 4. HP: 24/24 MP: 3/8
  1464 | D:2      | Found an iron altar of Okawaru.
  1538 | D:2      | You fall through a shaft!
  1549 | D:2      | Found a burning altar of Makhleb.
  1636 | D:3      | Noticed Hafrunt's ghost (amateur GrEE)
  1658 | D:3      | HP: 1/24 [Hafrunt's ghost/stone arrow (13)]
  1662 | D:3      | Killed from afar by Hafrunt's ghost

Vault maps used:
D:1:      roderic_octagonal_star, serial_forest,
          infiniplex_forest_clump_diagonal, infiniplex_forest_join,
          infiniplex_forest_clump_long, infiniplex_forest_lined_1,
          infiniplex_forest_end_3, infiniplex_forest_lined_1,
          infiniplex_forest_clump_long, infiniplex_forest_corner_1
D:2:      lemuel_upstairs_altar, first_bread, minmay_item_behind_shaft,
          kennysheep_okawaru_gauntlet
D:3:      roderic_serpentine_path, hex_intersection, uniq_natasha

Skill      XL: |  1  2  3 |
---------------+----------+-----
Earth Magic    | 4 |  4.9
Conjurations   | 1 |  1.6
Spellcasting   | 3 |  3.1
Dodging        | |  1.5
Stealth        | |  2.1
Transmutations | |  0.7

Action                   |  1- 3 |  4- 6 || total
-------------------------+-------+-------++-------
Melee: Unarmed           |    31 |       ||    31
       Club              |     4 |    33 ||    37
 Cast: Sandblast         |    47 |    30 ||    77
       Stone Arrow       |     1 |     4 ||     5
 Stab: Sleeping          |     1 |       ||     1
  Eat: Chunk             |     2 |     1 ||     3
Armor: Robe              |    10 |    20 ||    30
Dodge: Dodged            |    35 |    25 ||    60

Table legend:
 A = Spawn XP
 B = Non-spawn XP
 C = Spawn XP percentage of total XP
 D = Spawn monster count
 E = Non-spawn monster count
 F = Spawn count percentage of total count
 G = Total turns spent on level
                    A         B        C        D         E        F      G
               +---------+---------+-------+---------+---------+-------+---------
         Total |       0 |     132 |   0.0 |       0 |      55 |   0.0 |  1662
               +---------+---------+-------+---------+---------+-------+---------
           D:1 |       0 |      47 |   0.0 |       0 |      26 |   0.0 |   998
           D:2 |       0 |      75 |   0.0 |       0 |      24 |   0.0 |   562
           D:3 |       0 |      10 |   0.0 |       0 |       5 |   0.0 |   102
               +---------+---------+-------+---------+---------+-------+---------
